 Dungeon Crawl Stone Soup version 0.20-a0-903-g7e3609c (console) character file.

93 nht the Bolt Thrower (level 4, -2/25 HPs)
             Began as a Kobold Arcane Marksman on Mar 21, 2017.
             Slain by a big kobold
             ... wielding a +0 dagger
              (6 damage)
             ... in a sewer.
             The game lasted 00:01:57 (1811 turns).

nht the Bolt Thrower (Kobold Arcane Marksman)       Turns: 1811, Time: 00:01:58

Health: -2/25      AC:  2    Str:  6 (7)  XL:     4   Next: 91%
Magic:  5/5        EV: 15    Int: 13 (15) God:
Gold:   258        SH:  0    Dex: 12 (15) Spells: 4/5 levels left

rFire    . . .     SeeInvis +   a - +0 hand crossbow
rCold    . . .     Gourm    .   e - +0 robe
rNeg     . . .     Faith    .   (shield restricted)
rPois    .         Spirit   .   (no helmet)
rElec    .         Reflect  .   (no cloak)
rCorr    .         Harm     .   (no gloves)
MR       .....                  (no boots)
Stlth    +.........             (no amulet)
Regen    0.1/turn               (no ring)
MPRegen  0.1/turn               p - ring of see invisible

@: no status effects
A: carnivore 3
a: no special abilities


You were in a sewer.
You were completely stuffed.

You visited 1 branch of the dungeon, and saw 3 of its levels.
You also visited: Sewer.

You collected 258 gold pieces.

Inventory:

Hand Weapons
 a - a +0 hand crossbow (weapon)
Missiles
 d - 23 bolts (quivered)
Armour
 e - a +0 robe (worn)
Jewellery
 p - a ring of see invisible (left hand)
Scrolls
 i - a scroll of magic mapping {unknown}
 j - 6 scrolls of identify {unknown}
 l - a scroll of enchant weapon {unknown}
 n - a scroll of fear {unknown}
 o - 2 scrolls of fog {unknown}
Potions
 r - a potion of flight {unknown}
 s - a potion of curing
Books
 c - a book of Debilitation

   Spells                             Type                      Level
   a - Corona                         Hexes                        1
   b - Slow                           Hexes                        2
   c - Inner Flame                    Hexes/Fire                   3
   d - Portal Projectile              Hexes/Translocation          3
   e - Cause Fear                     Hexes                        4
   f - Leda's Liquefaction            Hexes/Earth                  4
Comestibles
 b - 12 chunks of flesh
 f - 5 meat rations


   Skills:
 - Level 1.1 Fighting
 + Level 5.6 Crossbows
 - Level 2.4 Dodging
 - Level 1.1 Spellcasting
 - Level 3.0 Hexes


You had 4 spell levels left.
You knew the following spells:

 Your Spells              Type           Power        Failure   Level  Hunger
a - Corona                Hex            #......      10%         1    ##.....


Dungeon Overview and Level Annotations

Branches:
Dungeon (3/15)

Altars:
Ru


Innate Abilities, Weirdness & Mutations

You are small and have problems with some larger weapons.
You are carnivorous and can eat meat at any time.


Message History

You shoot a bolt.
The bolt completely misses the big kobold.
The big kobold hits you but does no damage.
The kobold completely misses you.
It was a potion of might.
You feel very mighty all of a sudden. The big kobold hits you with a dagger.
* * * LOW HITPOINT WARNING * * *
The kobold completely misses you.
It was a potion of degeneration.
There was something very wrong with that liquid.
You feel weakened.
You feel dopey.
You feel clumsy. The big kobold closely misses you. The kobold hits you.
* * * LOW HITPOINT WARNING * * *
It was a potion of cancellation.
Your magical effects are unravelling.
You feel magically purged.
You feel a little less mighty now. The big kobold hits you with a dagger.
You die...

█∩∩.█≈≈≈█
█...'≈≈≈█
██████≈≈≈█
█!.[.█≈≈≈█
█..∩.█≈≈≈█
█...!█≈≈≈█
█....█≈≈≈█
██KK██≈≈≈█
█..@.█≈≈≈█
███...P█≈≈≈█
█....≈≈≈≈≈≈█
██...P≈≈≈≈≈█
█...≈P█≈≈≈█
█....≈≈█≈≈≈█
█......█≈≈≈█
█......█≈≈≈≈≈
█......█≈≈≈≈≈≈


You could see a big kobold and a kobold.

Vanquished Creatures
  3 adders
  4 leopard geckos
  6 bats
  5 giant cockroaches
  9 goblins
  4 hobgoblins
  11 jackals
  3 frilled lizards
  4 kobolds
  3 rats
52 creatures vanquished.

Notes
Turn   | Place    | Note
-------+----------+-------------------------------------------
     0 | D:1      | nht the Kobold Arcane Marksman began the quest for the Orb.
     0 | D:1      | Reached XP level 1. HP: 12/12 MP: 2/2
    62 | D:1      | Reached skill level 3 in Crossbows
    65 | D:1      | Reached XP level 2. HP: 16/16 MP: 3/3
   630 | D:1      | Reached XP level 3. HP: 20/20 MP: 4/4
   649 | D:1      | Reached skill level 4 in Crossbows
  1166 | D:2      | Reached XP level 4. HP: 15/25 MP: 5/5
  1169 | D:2      | Reached skill level 5 in Crossbows
  1384 | D:2      | Found a sacrificial altar of Ru.
  1630 | D:3      | Found a glowing drain.
  1778 | Sewer    | Entered a sewer
  1800 | Sewer    | Noticed a big kobold
  1811 | Sewer    | Slain by a big kobold

Vault maps used:
D:1:      dpeg_arrival_rhombi, minivault_11, minmay_misc_feat_cross
D:2:      nicolae_ru_the_path_less_chosen
D:3:      gup_sewer_entry_glass
Sewer:    kennysheep_pipe_town

Skill      XL: |  1  2  3  4 |
---------------+-------------+-----
Crossbows      | 3 4 5 |  5.6
Fighting       | |  1.1
Dodging        | |  2.4
Spellcasting   | |  1.1
Hexes          | |  3.0

Action                   |  1- 3 |  4- 6 || total
-------------------------+-------+-------++-------
 Fire: Hand crossbow     |    83 |    52 ||   135
  Use: Potion            |     3 |     5 ||     8
  Eat: Chunk             |     9 |     2 ||    11
Armor: Robe              |     8 |     3 ||    11
       Skin              |     8 |       ||     8
Dodge: Dodged            |    42 |    21 ||    63
